NCAA
OKLAHOMA SOONERS @ GEORGETOWN HOYAS
05/18/2023
 
TOP OF THE 1ST
Oklahoma Sooners batting - Pitching for Georgetown Hoyas : RHP John Jones
Pitching: RHP John Jones
Batting: RHB Don Anthony 0-0: Called Strike
0-1: SINGLE (Line Drive, 34D)
Batting: RHB Dan Mitchell 0-0: Called Strike
0-1: Swinging Strike
0-2: Strikes out looking
Batting: RHB Dan Johnson Pickoff Throw to First - Out!
0-0: Ball
1-0: Called Strike
1-1: Called Strike
1-2: Strikes out looking
Top of the 1st over - 0 run(s), 1 hit(s), 0 error(s), 0 left on base; Oklahoma 0 - Georgetown 0
BOTTOM OF THE 1ST
Georgetown Hoyas batting - Pitching for Oklahoma Sooners : LHP Alberto Pagán
Pitching: LHP Alberto Pagán
Batting: LHB Ken Bullard 0-0: Ball
1-0: Ball
2-0: Ball
3-0: Called Strike
3-1: Foul Ball, location: 2F
3-2: Foul Ball, location: 2F
3-2: Strikes out swinging
Batting: SHB Jeffrey MacNeill 0-0: Foul Ball, location: 2F
0-1: Called Strike
0-2: Foul Ball, location: 2F
0-2: Foul Ball, location: 2F
0-2: Strikes out swinging
Batting: RHB John Stewart 0-0: Ball
1-0: Ball
2-0: Foul Ball, location: 2F
2-1: Foul Ball, location: 2F
2-2: Ball
3-2: Base on Balls
Batting: RHB Ron King 0-0: DOUBLE (Flyball, 78XD)
John Stewart to third
Runner from 3rd tries for Home, SAFE, no throw or cutoff
Batting: LHB Alan McGilroy 0-0: Ball
1-0: Foul Ball, location: 2F
1-1: Ball
2-1: Ball
3-1: Called Strike
3-2: Fly out, F8 (Flyball, 8RM)
Bottom of the 1st over - 1 run(s), 1 hit(s), 0 error(s), 1 left on base; Oklahoma 0 - Georgetown 1
TOP OF THE 2ND
Oklahoma Sooners batting - Pitching for Georgetown Hoyas : RHP John Jones
Batting: RHB Glenn Melican 0-0: Ball
1-0: SINGLE (Line Drive, 6M)
Batting: RHB José Fuentes 0-0: Ball
1-0: Called Strike
1-1: Ball
2-1: Foul Ball, location: 2F
2-2: Strikes out swinging
Batting: SHB César Álvarez 0-0: Reached on error, E4 (Groundball, 34)
Glenn Melican to second
Batting: RHB Ben Fisher 0-0: Grounds into double play, U5-3 (Groundball, 5L)
Top of the 2nd over - 0 run(s), 1 hit(s), 1 error(s), 1 left on base; Oklahoma 0 - Georgetown 1
BOTTOM OF THE 2ND
Georgetown Hoyas batting - Pitching for Oklahoma Sooners : LHP Alberto Pagán
Batting: RHB Gilberto Ferrer 0-0: Ball
1-0: Called Strike
1-1: Fly out, F4 (Popup, 4MD)
Batting: LHB Tim Rose 0-0: Called Strike
0-1: Ball
1-1: Ball
2-1: Foul Ball, location: 2F
2-2: Strikes out swinging
Batting: LHB José De La Cruz 0-0: Ball
1-0: Foul Ball, location: 2F
1-1: Swinging Strike
1-2: Ball
2-2: Foul Ball, location: 2F
2-2: Strikes out swinging
Bottom of the 2nd over - 0 run(s), 0 hit(s), 0 error(s), 0 left on base; Oklahoma 0 - Georgetown 1
TOP OF THE 3RD
Oklahoma Sooners batting - Pitching for Georgetown Hoyas : RHP John Jones
Batting: SHB Walt Rodgers 0-0: Called Strike
0-1: Swinging Strike
0-2: Ball
1-2: Foul Ball, location: 2F
1-2: Foul Ball, location: 2F
1-2: Ball
2-2: Strikes out looking
Batting: RHB Kurt Elkins 0-0: Swinging Strike
0-1: Ball
1-1: Foul Ball, location: 2F
1-2: Foul Ball, location: 2F
1-2: Ground out 5-3 (Groundball, 56)
Batting: RHB Don Anthony 0-0: Fly out, F8 (Flyball, 8RM)
Top of the 3rd over - 0 run(s), 0 hit(s), 0 error(s), 0 left on base; Oklahoma 0 - Georgetown 1
BOTTOM OF THE 3RD
Georgetown Hoyas batting - Pitching for Oklahoma Sooners : LHP Alberto Pagán
Batting: SHB Edward Weber 0-0: Ball
1-0: SINGLE (Groundball, 23) (infield hit)
Batting: LHB Ken Bullard 0-0: Foul Ball, location: 2F
0-1: Swinging Strike
0-2: Strikes out looking
Batting: SHB Jeffrey MacNeill 0-0: Grounds into double play, U6-3 (Groundball, 6M)
Bottom of the 3rd over - 0 run(s), 1 hit(s), 0 error(s), 0 left on base; Oklahoma 0 - Georgetown 1
TOP OF THE 4TH
Oklahoma Sooners batting - Pitching for Georgetown Hoyas : RHP John Jones
Batting: RHB Dan Mitchell 0-0: Ball
1-0: Called Strike
1-1: Foul Ball, location: 2F
1-2: Foul Ball, location: 2F
1-2: Ball
2-2: Strikes out swinging
Batting: RHB Dan Johnson 0-0: Called Strike
0-1: Foul Ball, location: 2F
0-2: Fly out, F7 (Line Drive, 7M)
Batting: RHB Glenn Melican 0-0: Foul Ball, location: 2F
0-1: Ball
1-1: Foul Ball, location: 2F
1-2: Strikes out looking
Top of the 4th over - 0 run(s), 0 hit(s), 0 error(s), 0 left on base; Oklahoma 0 - Georgetown 1
BOTTOM OF THE 4TH
Georgetown Hoyas batting - Pitching for Oklahoma Sooners : LHP Alberto Pagán
Batting: RHB John Stewart 0-0: Foul Ball, location: 2F
0-1: Called Strike
0-2: Strikes out swinging
Batting: RHB Ron King 0-0: Ball
1-0: Called Strike
1-1: Swinging Strike
1-2: Strikes out swinging
Batting: LHB Alan McGilroy 0-0: Fly out, F7 (Flyball, 78M)
Bottom of the 4th over - 0 run(s), 0 hit(s), 0 error(s), 0 left on base; Oklahoma 0 - Georgetown 1
TOP OF THE 5TH
Oklahoma Sooners batting - Pitching for Georgetown Hoyas : RHP John Jones
Batting: RHB José Fuentes 0-0: Ball
1-0: Fly out, F9 (Flyball, 89M)
Batting: SHB César Álvarez 0-0: Reached on error, E3 (Groundball, 3S)
Batting: RHB Ben Fisher 0-0: Called Strike
0-1: DOUBLE (Flyball, 8RS)
César Álvarez to third
Batting: SHB Walt Rodgers 0-0: Foul Ball, location: 2F
0-1: Swinging Strike
0-2: Foul Ball, location: 2F
0-2: Ball
Reached via error on a dropped throw, E1
César Álvarez scores
Ben Fisher to third
Batting: RHB Kurt Elkins 0-0: Ball
1-0: Foul Ball, location: 2F
1-1: Called Strike
Walt Rodgers steals 2nd base
1-2: Strikes out looking
Batting: RHB Don Anthony 0-0: Ball
1-0: Called Strike
1-1: Ball
2-1: Foul Ball, location: 2F
2-2: Ball
3-2: Strikes out swinging
Top of the 5th over - 1 run(s), 1 hit(s), 2 error(s), 2 left on base; Oklahoma 1 - Georgetown 1
BOTTOM OF THE 5TH
Georgetown Hoyas batting - Pitching for Oklahoma Sooners : LHP Alberto Pagán
Batting: RHB Gilberto Ferrer 0-0: Foul Ball, location: 2F
0-1: Ball
1-1: DOUBLE (Line Drive, 9LS) - OUT at third base trying to stretch hit.
Batting: LHB Tim Rose 0-0: Swinging Strike
0-1: Ball
1-1: Foul Ball, location: 2F
1-2: Fly out, F8 (Flyball, 89M)
Batting: LHB José De La Cruz 0-0: Ball
1-0: SINGLE (Line Drive, 6MD)
Batting: SHB Edward Weber 0-0: Ball
1-0: Ball
2-0: Called Strike
2-1: Fly out, F9 (Flyball, 9LD)
Bottom of the 5th over - 0 run(s), 2 hit(s), 0 error(s), 1 left on base; Oklahoma 1 - Georgetown 1
TOP OF THE 6TH
Oklahoma Sooners batting - Pitching for Georgetown Hoyas : RHP John Jones
Batting: RHB Dan Mitchell 0-0: Foul Ball, location: 2F
0-1: Swinging Strike
0-2: Ball
1-2: Fly out, F7 (Flyball, 78M)
Batting: RHB Dan Johnson 0-0: Ball
1-0: Ball
2-0: Foul Ball, location: 2F
2-1: Foul Ball, location: 2F
2-2: Ball
3-2: Strikes out swinging
Batting: RHB Glenn Melican 0-0: Fly out, F9 (Flyball, 89D)
Top of the 6th over - 0 run(s), 0 hit(s), 0 error(s), 0 left on base; Oklahoma 1 - Georgetown 1
BOTTOM OF THE 6TH
Georgetown Hoyas batting - Pitching for Oklahoma Sooners : LHP Alberto Pagán
Batting: LHB Ken Bullard 0-0: Ground out U3 (Groundball, 3)
Batting: SHB Jeffrey MacNeill 0-0: Foul Ball, location: 2F
0-1: SINGLE (Line Drive, 4MD)
Batting: RHB John Stewart 0-0: Ball
1-0: DOUBLE (Line Drive, 78M)
Jeffrey MacNeill to third
Runner from 3rd tries for Home, SAFE, no throw or cutoff
Batting: RHB Ron King 0-0: Intentional Walk
Batting: LHB Alan McGilroy 0-0: Ball
1-0: Fly out, F5 (Popup, 5)
Batting: RHB Gilberto Ferrer 0-0: Ball
1-0: SINGLE (Line Drive, 3D)
John Stewart to third
Ron King to second
Runner from 3rd tries for Home, SAFE, no throw or cutoff
Batting: LHB Tim Rose 0-0: Called Strike
0-1: Foul Ball, location: 2F
0-2: Ball
Wild Pitch!
Ron King to third
Gilberto Ferrer to second
1-2: Fly out, F8 (Flyball, 78M)
Bottom of the 6th over - 2 run(s), 3 hit(s), 0 error(s), 2 left on base; Oklahoma 1 - Georgetown 3
TOP OF THE 7TH
Oklahoma Sooners batting - Pitching for Georgetown Hoyas : RHP John Jones
Batting: RHB José Fuentes 0-0: Fly out, F4 (Popup, 4)
Batting: SHB César Álvarez 0-0: Ball
1-0: Foul Ball, location: 2F
1-1: Swinging Strike
1-2: Strikes out swinging
Batting: RHB Ben Fisher 0-0: Ball
1-0: Ground out 1-3 (Groundball, 13)
Top of the 7th over - 0 run(s), 0 hit(s), 0 error(s), 0 left on base; Oklahoma 1 - Georgetown 3
BOTTOM OF THE 7TH
Georgetown Hoyas batting - Pitching for Oklahoma Sooners : LHP Alberto Pagán
Pitching: LHP António Jáquez
Batting: LHB José De La Cruz 0-0: SINGLE (Line Drive, 6MD)
Batting: SHB Edward Weber 0-0: Bunted foul
0-1: Bunted foul
0-2: SINGLE (Flyball, 9LS)
José De La Cruz to second
Batting: LHB Ken Bullard 0-0: Ball
1-0: Ball
2-0: Bunted foul
2-1: Sac Bunt - play at first, batter OUT! 2-4
José De La Cruz to third
Edward Weber to second
Batting: SHB Jeffrey MacNeill 0-0: Intentional Walk
Batting: RHB John Stewart 0-0: Fielders Choice at 2nd, 6-4 (Groundball, 56)
José De La Cruz scores
Edward Weber to third
Batting: RHB Ron King 0-0: Ball
1-0: SINGLE (Groundball, 56D)
Edward Weber scores
John Stewart to second
Batting: LHB Alan McGilroy 0-0: Ball
1-0: Foul Ball, location: 2F
1-1: Ball
2-1: Called Strike
2-2: Foul Ball, location: 2F
2-2: Foul Ball, location: 2F
2-2: 3-RUN HOME RUN (Line Drive, 89XD), Distance : 390 ft
Pitching: RHP Bill Palmer
Batting: RHB Gilberto Ferrer 0-0: Ball
1-0: Foul Ball, location: 2F
1-1: SINGLE (Groundball, 5D)
Batting: LHB Tim Rose 0-0: Ball
1-0: Ball
2-0: Called Strike
2-1: Ball
3-1: Called Strike
3-2: Foul Ball, location: 2F
3-2: Fly out, F9 (Flyball, 89M)
Bottom of the 7th over - 5 run(s), 5 hit(s), 0 error(s), 1 left on base; Oklahoma 1 - Georgetown 8
TOP OF THE 8TH
Oklahoma Sooners batting - Pitching for Georgetown Hoyas : RHP John Jones
Pitching: RHP Sam O'Farrell
Batting: SHB Walt Rodgers 0-0: Fly out, F7 (Flyball, 78S)
Batting: RHB Kurt Elkins 0-0: Ball
1-0: Ball
2-0: Ball
3-0: Base on Balls
Batting: RHB Don Anthony 0-0: Ball
1-0: Ball
2-0: Ball
3-0: Called Strike
3-1: Fly out, F4 (Popup, 4D)
Batting: RHB Dan Mitchell 0-0: Ball
1-0: Ball
2-0: Foul Ball, location: 2F
2-1: Foul Ball, location: 2F
2-2: Strikes out swinging
Top of the 8th over - 0 run(s), 0 hit(s), 0 error(s), 1 left on base; Oklahoma 1 - Georgetown 8
BOTTOM OF THE 8TH
Georgetown Hoyas batting - Pitching for Oklahoma Sooners : RHP Bill Palmer
Batting: LHB José De La Cruz 0-0: Called Strike
0-1: Called Strike
0-2: Ball
1-2: Foul Ball, location: 2F
1-2: Foul Ball, location: 2F
1-2: Ball
2-2: Strikes out looking
Batting: SHB Edward Weber 0-0: Ball
1-0: Called Strike
1-1: Foul Ball, location: 2F
1-2: Strikes out looking
Batting: LHB Ken Bullard 0-0: Swinging Strike
0-1: Swinging Strike
0-2: Strikes out swinging
Bottom of the 8th over - 0 run(s), 0 hit(s), 0 error(s), 0 left on base; Oklahoma 1 - Georgetown 8
TOP OF THE 9TH
Oklahoma Sooners batting - Pitching for Georgetown Hoyas : RHP Sam O'Farrell
Now at C: Emmett Kinch
Batting: RHB Dan Johnson 0-0: Ball
1-0: Ball
2-0: Called Strike
2-1: Called Strike
2-2: Ball
3-2: SINGLE (Line Drive, 7LS)
Batting: RHB Glenn Melican 0-0: Called Strike
0-1: Foul Ball, location: 2F
0-2: Ball
1-2: Foul Ball, location: 2F
1-2: Ball
2-2: Foul Ball, location: 2F
2-2: Hit by Pitch
Dan Johnson to second
Batting: RHB José Fuentes 0-0: Foul Ball, location: 2F
0-1: Ball
1-1: Ball
2-1: Ball
3-1: Fielders Choice at 2nd, 5-4 (Groundball, 56)
Dan Johnson to third
Batting: SHB César Álvarez 0-0: Ball
1-0: Foul Ball, location: 2F
1-1: Foul Ball, location: 2F
1-2: Ball
2-2: Fly out, F7 (Flyball, 7LS)
Batting: RHB Ben Fisher 0-0: Fly out, F4 (Popup, 4)
Top of the 9th over - 0 run(s), 1 hit(s), 0 error(s), 2 left on base; Oklahoma 1 - Georgetown 8
This league is powered by Out of the Park Baseball, the baseball management simulation game for PC, Mac and Linux
Wednesday, December 2nd, 2015 - OOTP Baseball 16.8 Build 38